 Dungeon Crawl Stone Soup version 0.31-a0-214-gb37851dbb3 (webtiles) character file.

Game seed: 966152958418757855

265 qw the Shooter (level 5, -4/45 HPs)
             Began as a Minotaur Hexslinger on July 1, 2023.
             Slain by a gnoll sergeant
             ... wielding a +2 spear of freezing
              (7 damage)
             ... on level 3 of the Dungeon.
             The game lasted 00:01:00 (2178 turns).

qw the Shooter (Minotaur Hexslinger)                Turns: 2178, Time: 00:01:01

Health: -4/45      AC:  4    Str: 11 (12) XL:     5   Next: 99%
Magic:  5/5        EV: 16    Int:  8 (10) God:
Gold:   127        SH:  0    Dex: 13 (15) Spells: 5/6 levels left

rFire   . . .        a - +1 sling
rCold   . . .        (no shield)
rNeg    . . .        d - +0 leather armour
rPois   .            (helmet restricted)
rElec   .            (no cloak)
rCorr   .            (no gloves)
SInv    .            f - +0 pair of boots
Will    .....        (no amulet)
Stlth   +            e - +5 ring of evasion
HPRegen 0.27/turn    (no ring)
MPRegen 0.09/turn

%: no passive effects
@: no status effects
A: horns 2, retaliatory headbutt
a: no special abilities


You were on level 3 of the Dungeon.
You visited 1 branch of the dungeon, and saw 3 of its levels.

You collected 127 gold pieces.


Innate Abilities, Weirdness & Mutations

You have a pair of horns on your head.
You reflexively headbutt those who attack you in melee.


   Skills:
 - Level 3.4 Fighting
 - Level 6.2 Ranged Weapons
 + Level 0.1 Armour
 - Level 2.1 Dodging
 - Level 1.0 Spellcasting
 - Level 2.0 Hexes


You had 5 spell levels left.
You knew the following spells:

 Your Spells              Type           Power      Damage    Failure   Level
a - Slow                  Hex            12%        N/A       22%         1

Your spell library contained the following spells:

 Spells                   Type           Power      Damage    Failure   Level
 Inner Flame              Hex/Fire       2%         N/A       71%         3
 Portal Projectile        Hex/Tloc       4%         N/A       71%         3
 Cause Fear               Hex            1%         N/A       92%         4

Inventory:

Hand Weapons
 a - a +1 sling (weapon)
Armour
 d - a +0 leather armour (worn)
 f - a +0 pair of boots (worn)
Jewellery
 e - a +5 ring of evasion (left hand)
 g - a ring of fire
 h - a ring of poison resistance
 l - a ring of ice
Scrolls
 k - a scroll of amnesia {unknown}
Potions
 b - 2 potions of berserk rage {unknown}
 c - a potion of might {unknown}
 i - a potion of haste
 j - a potion of brilliance {unknown}
 m - a potion of attraction {unknown}
 n - a potion of heal wounds {unknown}

Dungeon Overview and Level Annotations

Branches:
Dungeon (3/15)

Altars:


Message History

The gnoll sergeant freezes you.
You shoot a sling bullet.
The sling bullet barely misses the gnoll sergeant.
The sling bullet barely misses the gnoll.
The gnoll sergeant completely misses you.
You shoot a sling bullet.
The sling bullet completely misses the gnoll sergeant.
The sling bullet hits the gnoll.
The gnoll is lightly wounded.
The gnoll sergeant closely misses you.
You shoot a sling bullet.
The sling bullet hits the gnoll sergeant!
The gnoll sergeant is heavily wounded.
The gnoll sergeant hits you from afar with a +2 spear of freezing!
The gnoll sergeant freezes you.
You shoot a sling bullet.
The sling bullet closely misses the gnoll sergeant.
The sling bullet hits the gnoll.
The gnoll is heavily wounded.
The gnoll sergeant hits you from afar with a +2 spear of freezing!
The gnoll sergeant freezes you.
You shoot a sling bullet.
The sling bullet hits the gnoll sergeant but does no damage.
The gnoll sergeant is heavily wounded.
The gnoll sergeant misses you.
You shoot a sling bullet.
The sling bullet closely misses the gnoll.
The sling bullet hits the gnoll sergeant.
The gnoll sergeant is severely wounded.
The gnoll closely misses you. The gnoll sergeant closely misses you.
You shoot a sling bullet. The sling bullet hits the gnoll.
The gnoll is heavily wounded.
The gnoll misses you. You furiously retaliate!
You headbutt the gnoll.
The gnoll sergeant hits you from afar with a +2 spear of freezing.
The gnoll sergeant freezes you. The gnoll sergeant barely misses you.
The gnoll barely misses you.
You shoot a sling bullet. The sling bullet hits the gnoll.
You kill the gnoll!
The gnoll sergeant hits you from afar with a +2 spear of freezing!
You die...

..# #.# #.#####
......##############
...................#
##################.#
....... #.#
...#...##.#
.....g)@))#
...#...#))#
........#)# #######
#########.# ......#
#.# #.##.## #.#
#.##.######. #.#
...))....... #.#
..##.#######


You could see a gnoll sergeant.

Vanquished Creatures
  2 orc priests (D:3)
  An orc wizard (D:3)
  8 gnolls
  3 adders
  2 worms
  3 dart slugs
  7 orcs (D:3)
  9 bats
  6 endoplasms
  2 giant cockroaches
  4 hobgoblins
  3 quokkas
  8 ball pythons
  3 frilled lizards
  5 goblins
  7 kobolds
  6 rats
79 creatures vanquished.

Notes
Turn   | Place    | Note
-------+----------+-------------------------------------------
     0 | D:1      | qw the Minotaur Hexslinger began the quest for the Orb.
     0 | D:1      | Reached XP level 1. HP: 16/16 MP: 1/1
     0 | D:1      | 0 ||| qw: Version: 0.3-a-32-g5962c71
     0 | D:1      | 0 ||| qw: Game counter: 7622
     0 | D:1      | 0 ||| qw: Melee chars always use a shield: true
     0 | D:1      | 0 ||| qw: God list: Okawaru
     0 | D:1      | 0 ||| qw: Allow faded altars: false
     0 | D:1      | 0 ||| qw: Do Orc after clearing Dungeon:15 true
     0 | D:1      | 0 ||| qw: Do second Lair branch before Depths: true
     0 | D:1      | 0 ||| qw: Lair rune preference: random
     0 | D:1      | 0 ||| qw: Goals: Normal
     0 | D:1      | 0 ||| PLANNING D:1-11
   113 | D:1      | Reached skill level 3 in Ranged Weapons
   186 | D:1      | Reached XP level 2. HP: 24/24 MP: 2/2
   252 | D:1      | Found a faded altar of an unknown god.
   277 | D:1      | 277 ||| Stepping ~*~*~tactically~*~*~ (water).
   280 | D:1      | Reached XP level 3. HP: 29/29 MP: 3/3
   311 | D:1      | 311 ||| UPGRADING to +0 leather armour.
   331 | D:1      | 331 ||| DROPPING +0 robe.
   499 | D:1      | 499 ||| UPGRADING to +0 pair of boots.
   780 | D:1      | Reached skill level 4 in Ranged Weapons
   943 | D:1      | 943 ||| UPGRADING to +5 ring of evasion.
   944 | D:1      | 944 ||| DROPPING scroll of poison.
  1057 | D:2      | Reached XP level 4. HP: 36/36 MP: 4/4
  1081 | D:2      | Reached skill level 5 in Ranged Weapons
  1570 | D:2      | 1570 ||| DROPPING ring of wizardry.
  1571 | D:2      | 1571 ||| DRINKING 2 green potions.
  1572 | D:2      | 1572 ||| DRINKING 2 smoky brown potions.
  1573 | D:2      | 1573 ||| DROPPING potion of degeneration.
  1596 | D:3      | 1596 ||| PLANNING SEWER
  1601 | D:3      | 1601 ||| Stepping ~*~*~tactically~*~*~ (outnumbered).
  1603 | D:3      | 1603 ||| Stepping ~*~*~tactically~*~*~ (outnumbered).
  1606 | D:3      | Reached skill level 3 in Fighting
  1606 | D:3      | Reached XP level 5. HP: 45/45 MP: 5/5
  2132 | D:3      | 2132 ||| Stepping ~*~*~tactically~*~*~ (outnumbered).
  2135 | D:3      | 2135 ||| Stepping ~*~*~tactically~*~*~ (outnumbered).
  2157 | D:3      | Reached skill level 6 in Ranged Weapons
  2174 | D:3      | HP: 7/45 [gnoll sergeant/+2 spear of freezing (15)]
  2177 | D:3      | HP: 3/45 [gnoll sergeant/+2 spear of freezing (2)]
  2178 | D:3      | Slain by a gnoll sergeant

Levels and vault maps discovered:
D:1:      lemuel_arrival_lava_pool, layout_loops_cross, serial_bayou,
          serial_bayou_pond_a, serial_bayou_pond_e, serial_bayou_crossing,
          serial_bayou_shore_a, serial_bayou_shore_b, serial_bayou_ford_a,
          nicolae_ecumenical_snake_handling
D:2:      layout_rooms
D:3:      layout_loops_ring, lemuel_coloured_pillars_altar,
          portal_sewer_entry_a, minmay_ruptured

Skill      XL: |  1  2  3  4  5 |
---------------+----------------+-----
Ranged Weapons | 3 4 5 6 |  6.2
Fighting       | 2 3 |  3.4
Armour         | |  0.1
Dodging        | |  2.1
Spellcasting   | |  1.0
Hexes          | |  2.0

Action                     |  1- 3 |  4- 6 || total
---------------------------+-------+-------++-------
   Fire: Sling             |   101 |   150 ||   251
    Use: Potion            |       |     2 ||     2
 Armour: Robe              |     2 |       ||     2
         Leather armour    |     3 |    10 ||    13
  Dodge: Dodged            |    35 |    57 ||    92

Table legend:
 A = Non-vault XP
 B = Vault XP
 C = Vault XP percentage of total XP
 D = Non-vault monster count
 E = Vault monster count
 F = Vault count percentage of total count
                 A         B        C        D         E       F
            +---------+---------+-------+---------+---------+-------
      Total |     386 |       7 |   1.8 |      74 |       5 |   6.3
            +---------+---------+-------+---------+---------+-------
        D:1 |      68 |       3 |   4.2 |      32 |       2 |   5.9
        D:2 |     106 |       0 |   0.0 |      20 |       0 |   0.0
        D:3 |     212 |       4 |   1.9 |      22 |       3 |  12.0
            +---------+---------+-------+---------+---------+-------
